 Dungeon Crawl Stone Soup version 0.20.0 (webtiles) character file.

122 FakerFangirl the Cudgeler (level 4, -4/38 HPs)
             Began as a Draconian Fighter on May 25, 2017.
             Slain by an orc
             ... wielding a +0 whip
              (6 damage)
             ... on level 3 of the Dungeon.
             The game lasted 00:02:06 (1894 turns).

FakerFangirl the Cudgeler (Draconian Fighter)       Turns: 1894, Time: 00:02:07

Health: -4/38      AC:  5    Str: 19    XL:     4   Next: 78%
Magic:  4/4        EV: 10    Int:  8    God:
Gold:   123        SH:  9    Dex: 11    Spells: 3/3 levels left

rFire    . . .     SeeInvis .   Y - +0 flail
rCold    . . .     Gourm    .   b - +0 shield
rNeg     . . .     Faith    .   (armour unavailable)
rPois    .         Spirit   .   (helmet restricted)
rElec    .         Reflect  .   (no cloak)
rCorr    .         Harm     .   (no gloves)
MR       .....                  (no boots)
Stlth    +.........             (no amulet)
Regen    0.2/turn               (no ring)
MPRegen  0.1/turn               (no ring)

@: no status effects
A: unfitting armour, cold-blooded, AC +5
a: no special abilities


You were on level 3 of the Dungeon.
You were not hungry.

You visited 1 branch of the dungeon, and saw 3 of its levels.

You collected 123 gold pieces.


Innate Abilities, Weirdness & Mutations

Your plain brown scales are hard. (AC +5)
You cannot fit into any form of body armour.
You are cold-blooded and may be slowed by cold attacks.


   Skills:
 - Level 3.2 Fighting
 + Level 5.1 Maces & Flails
 - Level 2.6 Dodging
 - Level 3.0 Shields


You had 3 spell levels left.
You didn't know any spells.

Inventory:

Hand Weapons
 Y - a +0 flail (weapon)
Missiles
 k - 2 silver javelins (quivered)
Armour
 b - a +0 shield (worn)
Scrolls
 a - a scroll of remove curse
 f - a scroll of immolation {unknown}
 j - 3 scrolls of identify
Potions
 c - a potion of might
 e - a potion of cancellation {unknown}
 i - a potion of haste
Comestibles
 d - 3 bread rations
 h - 2 meat rations

Dungeon Overview and Level Annotations

Branches:
Dungeon (3/15)

Altars:
Kikubaaqudgha


Message History

The orc priest is almost dead.
The orc priest mumbles some strange prayers to Beogh against you.
Beogh smites you!
The orc priest mumbles some strange prayers to Beogh against you.
Pain shoots through your body!
You barely miss the orc priest. You tail-slap the orc priest.
You kill the orc priest!
Your Maces & Flails skill increases to level 5!
Quiver which item? (- for none, * to show all) (? for menu, Esc to quit)
Reset throwing quiver to default.
Throwing (i - inventory):
k - 3 silver javelins (quivered)
Press: ? - help, Shift-Dir - straight line, f - orc You throw a silver javelin.
The silver javelin closely misses the orc.
The orc wizard gestures wildly while chanting.
The orc wizard seems to speed up.
You hit the orc.
The orc is moderately wounded.
The orc hits you with a whip.
You die...

#####............# ######
...........#####.#####...#.
#.......#.........#.#.#!
#.......#.........#.#.#.
+.......#..##.##..#.#.#.
#.###...#..#...#..#.#.#.
#.# #........_......#.#.
#.# #...#..#...#..#.#.#.
#.# #.#@#..##.##..#.#.#.
#.# #.#o#.........#...#.
#.###.#.#.........#####.
#.....#o#####.##### ##.
#######.# #.......####..
#'.oo.o..o. +.......'.....
...oo..##..# #.......######
....... .(# #.......#
..###.. ## #.......#


You could see an orc wizard and 2 orcs.

Vanquished Creatures
  An orc priest (D:3)
  4 adders (D:2)
  An ooze (D:1)
  2 worms (D:2)
  4 dart slugs
  A leopard gecko (D:1)
  2 giant cockroaches
  5 goblins
  A hobgoblin (D:2)
  3 kobolds
  A quokka (D:2)
  7 bats
  8 frilled lizards
  3 rats
43 creatures vanquished.

Notes
Turn   | Place    | Note
-------+----------+-------------------------------------------
     0 | D:1      | FakerFangirl the Draconian Fighter began the quest for the Orb.
     0 | D:1      | Reached XP level 1. HP: 19/19 MP: 1/1
     0 | D:1      | 0 ||| counter = 21
   105 | D:1      | Reached XP level 2. HP: 26/26 MP: 2/2
   200 | D:1      | Reached skill level 3 in Maces & Flails
   827 | D:1      | 827 ||| READING scroll labeled SUAPUE JOGAE.
   828 | D:1      | 828 ||| READING scroll labeled TUOWI YCAMEASCH.
   829 | D:1      | 829 ||| READING scroll labeled XOCHOSEREF.
   830 | D:1      | 830 ||| READING 3 scrolls labeled RENAIL MEARUF.
   831 | D:1      | 831 ||| DRINKING 2 fizzy blue potions.
   832 | D:1      | 832 ||| READING 2 scrolls of identify.
   832 | D:1      | 832 ||| IDENTIFYING sedimented dark potion
   833 | D:1      | 833 ||| DROPPING potion of magic.
   904 | D:2      | Reached XP level 3. HP: 22/31 MP: 3/3
  1065 | D:2      | Reached skill level 4 in Maces & Flails
  1196 | D:2      | Reached XP level 4. HP: 34/38 MP: 4/4
  1803 | D:2      | 1803 ||| READING 2 scrolls labeled AXOYNW IJIQEAC.
  1804 | D:2      | 1804 ||| READING scroll labeled JUFACE RILUT.
  1805 | D:2      | 1805 ||| READING scroll labeled UREANTUIMN.
  1832 | D:3      | Found an ancient bone altar of Kikubaaqudgha.
  1881 | D:3      | 1881 ||| Stepping ~*~*~tactically~*~*~ (outnumbered).
  1889 | D:3      | HP: 1/38 [orc priest/nerve-wracking pain (12)]
  1890 | D:3      | Reached skill level 5 in Maces & Flails
  1894 | D:3      | Slain by an orc

Vault maps used:
D:1:      denvon_arrival_waterhouse
D:2:      first_bread
D:3:      cheibrodos_greedy_goblins, nicolae_ru_awakened_eye,
          nicolae_overflow_crystal_walls, nicolae_gozag_seed_capital,
          grunt_qazlal_sundering, portal_sewer_entry_f, serial_co_window_serial,
          co_window_paths_a, co_window_corner_a, co_window_paths_a,
          co_window_paths_b, co_window_corner_a, co_window_corner_a,
          co_window_of_opportunity_a, co_window_unsneaky_path_a,
          co_window_of_opportunity_c, co_window_paths_c, glass_columns_a,
          glass_columns_a, glass_columns_a, glass_columns_a

Skill      XL: |  1  2  3  4 |
---------------+-------------+-----
Maces & Flails | 3 4 5 |  5.1
Fighting       | |  3.2
Dodging        | |  2.6
Shields        | |  3.0

Action                   |  1- 3 |  4- 6 || total
-------------------------+-------+-------++-------
Melee: Flail             |   110 |    29 ||   139
       Tailslap          |    10 |     3 ||    13
Throw: Javelin           |     5 |    18 ||    23
  Use: Scroll            |     5 |     3 ||     8
       Potion            |     1 |       ||     1
  Eat: Chunk             |     1 |     2 ||     3
Armor: Skin              |    51 |     6 ||    57
Dodge: Dodged            |    48 |     6 ||    54
Block: Shield            |    41 |    10 ||    51
